 Dungeon Crawl Stone Soup version 0.30.1-3-gfc49f6343a (webtiles) character file.

Game seed: 6469476008997792179

1318 Cheops the Grappler (level 8, -12/74 HPs)
             Began as a Troll Fighter on July 21, 2023.
             Killed from afar by an oklob plant (22 damage)
             ... with a splash of acid
             ... on level 6 of the Dungeon.
             The game lasted 00:11:26 (3833 turns).

Cheops the Grappler (Troll Fighter)                 Turns: 3833, Time: 00:11:27

Health: -12/74     AC:  0    Str: 24    XL:     8   Next: 33%
Magic:  0/7        EV:  9    Int:  5    God:
Gold:   348        SH:  8    Dex: 13    Spells: 7/7 levels left

rFire   . .          .
                       - Unarmed
rCold   . . .        b - +0 kite shield
rNeg    . . .        a - +0 robe
rPois   .            (helmet restricted)
rElec   .            (no cloak)
rCorr   .            (gloves unavailable)
SInv    +            (boots unavailable)
Will    .....        o - amulet of guardian spirit
Stlth   +            q - +4 ring of protection
HPRegen 1.12/turn    v - ring of see invisible
MPRegen 0.10/turn

%: clarity, guardian spirit
@: corroded
A: large, unfitting armour, claws 3, regeneration 1, shaggy fur 1, tough skin 1,
agile 1, clarity, sturdy frame 1
a: no special abilities


You were on level 6 of the Dungeon.
You visited 1 branch of the dungeon, and saw 6 of its levels.

You collected 348 gold pieces.

Inventory:

Armour
 a - a +0 robe (worn)
 b - a +0 kite shield (worn)
Jewellery
 o - an amulet of guardian spirit (around neck)
 q - a +4 ring of protection (left claw)
 v - a ring of see invisible (right claw)
Scrolls
 d - a scroll of noise {unknown}
 e - a scroll of immolation
 f - a scroll of identify
 h - a scroll of fog
 i - 2 scrolls of teleportation
 j - a scroll of poison {unknown}
 k - a scroll of vulnerability {unknown}
 l - 2 scrolls of fear {unknown}
 n - a scroll of enchant weapon {unknown}
 u - a scroll of silence
 x - a scroll of torment
Potions
 c - 3 potions of might
 r - 2 potions of flight {unknown}
 s - a potion of heal wounds {unknown}
 t - 4 potions of lignification {unknown}
 w - 2 potions of brilliance {unknown}


   Skills:
 + Level 2.6 Fighting
 - Level 2.4 Dodging
 + Level 2.9 Shields
 * Level 10.2 Unarmed Combat


You had 7 spell levels left.
You didn't know any spells.
Your spell library contained the following spells:

 Spells                   Type           Power      Damage    Failure   Level
 Sandblast                Erth           0%         2d4       75%         1
 Passwall                 Tmut/Erth      0%         N/A       87%         2
 Sublimation of Blood     Necr           0%         N/A       87%         2
 Wereblood                Tmut           0%         N/A       87%         2
 Stone Arrow              Conj/Erth      0%         3d7       98%         3
 Summon Hydra             Summ           0%         N/A       100%        7


Dungeon Overview and Level Annotations

Branches:
Dungeon (6/15)
 Temple: D:4-7

Altars:
Ashenzari
Dithmenos
Elyvilon
Kikubaaqudgha
Nemelex Xobeh
Uskayaw
Vehumet
Xom
Yredelemnul

Annotations:
D:6 exclusion: oklob plant


Innate Abilities, Weirdness & Mutations

You are too large for most types of armour.
You have claws for hands.
Your natural rate of healing is unusually fast.
You are covered in fur. (AC +1)
You have tough skin. (AC +1)
You are agile. (Dex +4, Str/Int -1)
You possess an exceptional clarity of mind.
Your movements are slightly less encumbered by armour. (ER -2)


Message History

No target in view!
Really walk into a travel-excluded area?
There is an open door here.
The oklob plant spits acid at you. The splash of acid hits you!!
The oklob plant spits acid at you. The splash of acid hits you!!
* * * LOW HITPOINT WARNING * * *
You mangle the oklob plant!!
The oklob plant is moderately damaged.
The oklob plant spits acid at you. The splash of acid hits you!
* * * LOW HITPOINT WARNING * * *
You claw the oklob plant!
The oklob plant is heavily damaged.
You scratch the oklob plant but do no damage.
The oklob plant is heavily damaged.
You scratch the oklob plant but do no damage.
The oklob plant is heavily damaged.
The oklob plant spits acid at you. The splash of acid hits you!
* * * LOW HITPOINT WARNING * * *
The acid corrodes you!
You scratch the oklob plant but do no damage.
The oklob plant is moderately damaged.
The oklob plant spits acid at you. The splash of acid hits you!
* * * LOW HITPOINT WARNING * * *
The acid corrodes you!
You scratch the oklob plant but do no damage.
The oklob plant is moderately damaged.
You scratch the oklob plant.
The oklob plant is heavily damaged.
You claw the oklob plant!
The oklob plant is severely damaged.
You scratch the oklob plant but do no damage.
The oklob plant is severely damaged.
The oklob plant spits acid at you. The splash of acid hits you!!
You die...

#.........#.#.#####.####.##.
#.....<...#.#.#####.####.##.
#...................##...###
#.....(.#######........###..
#.......##...####)..#..###.#
#####.####...## ##.......#.#
#..##.....# #..#....#.#
##..#..P..####....#..#.#
##.#..@..##...#..#..#.[
#.##...###.#..........
#.##...###...#..#.....
#.###'###..###..#.#.##
#.###.###..###....#.##
#..............<.)#...
####.###...##......... #####
#...........###.#.. ##...##
##....####...##.#..


You could see an oklob plant.

Vanquished Creatures
  An ice beast (D:6)
  A black bear (D:5)
  A centaur (D:5)
  3 phantoms
  A bullfrog (D:6)
  2 hounds (D:6)
  11 jellies
  2 orc priests
  A sleepcap (D:5)
  2 iguanas
  3 orc wizards (D:6)
  7 adders
  2 ufetubi (D:6)
  4 worms
  A dart slug (D:1)
  8 orcs
  15 endoplasms
  4 giant cockroaches
  6 goblins
  6 hobgoblins
  2 jackals (D:1)
  A kobold (D:2)
  2 quokkas
  8 ball pythons
  6 bats
  4 frilled lizards
  6 rats
110 creatures vanquished.

Notes
Turn   | Place    | Note
-------+----------+-------------------------------------------
     0 | D:1      | Cheops the Troll Fighter began the quest for the Orb.
     0 | D:1      | Reached XP level 1. HP: 22/22 MP: 0/0
    41 | D:1      | Reached XP level 2. HP: 29/29 MP: 1/1
    65 | D:1      | Reached skill level 3 in Unarmed Combat
   588 | D:2      | Reached XP level 3. HP: 35/36 MP: 2/2
   629 | D:2      | Noticed a phantom
   637 | D:2      | Killed a phantom
   638 | D:2      | Reached skill level 4 in Unarmed Combat
   638 | D:2      | Reached XP level 4. HP: 37/44 MP: 3/3
   701 | D:2      | Reached skill level 5 in Unarmed Combat
   930 | D:2      | Found a radiant altar of Vehumet.
  1204 | D:2      | Reached XP level 5. HP: 46/50 MP: 4/4
  1623 | D:3      | Found a shimmering altar of Xom.
  1624 | D:3      | Found a shadowy altar of Dithmenos.
  1626 | D:3      | Found a sparkling altar of Nemelex Xobeh.
  1636 | D:3      | Found a basalt altar of Yredelemnul.
  1636 | D:3      | Found a broken altar of Ashenzari.
  1637 | D:3      | Found an ancient bone altar of Kikubaaqudgha.
  1638 | D:3      | Found a hide-covered altar of Uskayaw.
  1639 | D:3      | Found a white marble altar of Elyvilon.
  1640 | D:3      | Found a radiant altar of Vehumet.
  1773 | D:3      | Reached skill level 6 in Unarmed Combat
  1827 | D:3      | Found a faded altar of an unknown god.
  2556 | D:5      | Entered Level 5 of the Dungeon
  2651 | D:5      | Reached XP level 6. HP: 46/59 MP: 3/5
  2721 | D:5      | Reached skill level 7 in Unarmed Combat
  3016 | D:5      | Reached XP level 7. HP: 66/66 MP: 6/6
  3186 | D:6      | Reached skill level 8 in Unarmed Combat
  3306 | D:6      | Noticed an oklob plant
  3334 | D:6      | Gained mutation: You are agile. (Dex +4, Str/Int -1)
                  | [potion of mutation]
  3334 | D:6      | Gained mutation: You possess an exceptional clarity of
                  | mind. [potion of mutation]
  3334 | D:6      | Gained mutation: Your movements are slightly less
                  | encumbered by armour. (ER -2) [potion of mutation]
  3424 | D:6      | Reached skill level 9 in Unarmed Combat
  3457 | D:6      | Reached XP level 8. HP: 71/74 MP: 7/7
  3575 | D:6      | Reached skill level 10 in Unarmed Combat
  3833 | D:6      | Killed from afar by an oklob plant

Illustrated notes

Levels and vault maps discovered:
D:1:      matt_arrival_grand_opening, layout_rooms, minmay_crystal_room
D:2:      layout_basic, basic_altar
D:3:      layout_basic, minitemple, shapermc_ecumenical_altar_ellora,
          kennysheep_small_spiral
D:4:      layout_cave_pools, kennysheep_donut
D:5:      layout_cave_pools
D:6:      lemuel_slime, layout_rooms

Skill      XL: |  1  2  3  4  5  6  7  8 |
---------------+-------------------------+-----
Unarmed Combat | 3 4 5 6 7 9 10 | 10.2
Fighting       | |  2.6
Dodging        | |  2.4
Shields        | |  2.9

Action                     |  1- 3 |  4- 6 |  7- 9 || total
---------------------------+-------+-------+-------++-------
  Melee: Unarmed           |    71 |   158 |   104 ||   333
    Use: Scroll            |       |       |     6 ||     6
         Potion            |       |       |     5 ||     5
   Stab: Sleeping          |       |     4 |       ||     4
 Armour: Robe              |    38 |    67 |    36 ||   141
  Dodge: Dodged            |    24 |    51 |    40 ||   115
  Block: Kite shield       |    30 |    42 |    49 ||   121
